 Dungeon Crawl Stone Soup version 0.20.1-2-g1830e616b0 (webtiles) character file.

102 Alfie the Skirmisher (level 4, -6/40 HPs)
             Began as a Draconian Berserker on Jan 31, 2020.
             Was a Believer of Trog.
             Shot with an arrow by a centaur (8 damage)
             ... on level 4 of the Dungeon.
             The game lasted 00:06:26 (1699 turns).

Alfie the Skirmisher (Draconian Berserker)          Turns: 1699, Time: 00:06:27

Health: -6/40      AC:  5    Str: 21    XL:     4   Next: 50%
Magic:  4/4        EV: 13    Int:  7    God:    Trog [**....]
Gold:   130        SH:  0    Dex: 10    Spells: 3/3 levels left

rFire    . . .     SeeInvis .   g - +1 hand axe (chop)
rCold    . . .     Gourm    .   (no shield)
rNeg     . . .     Faith    .   (armour unavailable)
rPois    .         Spirit   .   (helmet restricted)
rElec    .         Reflect  .   (no cloak)
rCorr    .         Harm     .   (no gloves)
MR       .....                  (no boots)
Stlth    +.........             (no amulet)
Regen    0.2/turn               (no ring)
MPRegen  0.1/turn               (no ring)

@: no status effects
A: unfitting armour, cold-blooded, AC +5
a: Berserk, Trog's Hand, Burn Spellbooks, Renounce Religion


You were on level 4 of the Dungeon.
You worshipped Trog.
Trog was pleased with you.
You were not hungry.

You visited 1 branch of the dungeon, and saw 3 of its levels.

You collected 130 gold pieces.

Inventory:

Hand Weapons
 a - a +0 mace
 g - a +1 hand axe of chopping (weapon)
Jewellery
 l - an uncursed amulet of magic regeneration
 m - a cursed ring of loudness {unknown}
Scrolls
 f - a scroll of immolation
 h - 2 scrolls of teleportation
 k - a scroll of fear
Potions
 d - a potion of magic {unknown}
 e - 3 potions of ambrosia {unknown}
 o - a potion of heal wounds {unknown}
Comestibles
 b - a bread ration
 c - a meat ration
 i - 3 fruits


   Skills:
 + Level 3.8 Fighting
 + Level 2.2(3.1) Axes
 + Level 3.3(3.7) Maces & Flails
 + Level 3.6 Dodging
 + Level 0.2 Stealth


You had 3 spell levels left.
You didn't know any spells.

Dungeon Overview and Level Annotations

Branches:
Dungeon (2/15)

Altars:
Cheibriados
Sif Muna


Innate Abilities, Weirdness & Mutations

Your plain brown scales are hard. (AC +5)
You cannot fit into any form of body armour.
You are cold-blooded and may be slowed by cold attacks.


Message History

Found a stone staircase leading up.
Things that are here:
a scale mail; 2 javelins of penetration A centaur and a phantom come into view.
The centaur shouts!
The centaur wields a shortbow.
The centaur shoots an arrow.
The arrow hits you.
Found 16 gold pieces and a hand axe.
You see here an arrow.
The centaur shoots an arrow.
The arrow hits you.
The centaur shoots an arrow.
The arrow hits you!
You see here 2 arrows.
The centaur shoots an arrow.
The arrow hits you but does no damage.
You see here an arrow.
The centaur shoots an arrow.
The arrow hits you!
* * * LOW HITPOINT WARNING * * *
The centaur shoots an arrow.
The arrow hits you.
* * * LOW HITPOINT WARNING * * *
You see here an arrow.
The centaur shoots an arrow.
The arrow hits you!
You die...

#. ###...#.###
#. #...#.....#
.. #.#.......##
.# #.##[........
< #.##......##.
#.##......#
#......##<##
#.######(###...#
#.c).@(((.W..#..
##########.#...#
... .. ##.. ##


You could see a phantom and a centaur.

Vanquished Creatures
  A worker ant (D:4)
  An adder (D:2)
  An ooze (D:2)
  5 worms (D:2)
  2 dart slugs (D:1)
  5 bats
  4 giant cockroaches (D:1)
  5 hobgoblins (D:1)
  2 jackals (D:1)
  5 frilled lizards
  6 goblins
  5 kobolds
  9 rats
51 creatures vanquished.

Notes
Turn   | Place    | Note
-------+----------+-------------------------------------------
     0 | D:1      | Alfie the Draconian Berserker began the quest for the Orb.
     0 | D:1      | Reached XP level 1. HP: 19/19 MP: 1/1
   121 | D:1      | Reached XP level 2. HP: 9/26 MP: 2/2
   426 | D:1      | Reached ** piety under Trog
   443 | D:1      | Reached XP level 3. HP: 21/33 MP: 3/3
  1045 | D:2      | Found a snail-covered altar of Cheibriados.
  1060 | D:2      | Reached skill level 1 in Axes
  1229 | D:2      | Found a deep blue altar of Sif Muna.
  1499 | D:2      | Reached XP level 4. HP: 40/40 MP: 4/4
  1604 | D:2      | You fall through a shaft for 2 floors!
  1695 | D:4      | Noticed a phantom
  1695 | D:4      | Noticed a centaur
  1698 | D:4      | HP: 1/40 [centaur/arrow (6)]
  1699 | D:4      | Shot with an arrow by a centaur

Skill      XL: |  1  2  3  4 |
---------------+-------------+-----
Dodging        | 3 |  3.6
Axes           | 1 2 |  2.2
Fighting       | |  3.8
Maces & Flails | |  3.3
Stealth        | |  0.2

Action                   |  1- 3 |  4- 6 || total
-------------------------+-------+-------++-------
Melee: Mace              |    39 |       ||    39
       Tailslap          |    15 |     5 ||    20
       Hand axe          |    84 |    12 ||    96
  Use: Scroll            |     6 |       ||     6
  Eat: Royal jelly       |     1 |     1 ||     2
Armor: Skin              |    44 |     4 ||    48
Dodge: Dodged            |   116 |     4 ||   120
